 Dungeon Crawl Stone Soup version 0.31.0-11-ge490571c62 (webtiles) character file.

Game seed: 405322512548715645

3098 Silvore the Carver (level 9, -2/71 HPs)
             Began as a Demonspawn Fighter on Feb 10, 2024.
             Was an Initiate of Okawaru.
             Shot with an arrow by an orc warrior (8 damage)
             ... on level 7 of the Dungeon.
             The game lasted 00:10:26 (7910 turns).

Silvore the Carver (Demonspawn Fighter)             Turns: 7910, Time: 00:10:26

Health: -2/71      AC: 15    Str: 20    XL:     9   Next: 59%
Magic:  9/9        EV:  6    Int:  8    God:    Okawaru [......]
Gold:   355        SH:  5    Dex: 14    Spells: 8/8 levels left

rFire   + . .        a - +0 long sword
rCold   . . .        c - +0 buckler
rNeg    . . .        l - +0 plate armour
rPois   .            j - +0 helmet
rElec   .            (no cloak)
rCorr   .            (no gloves)
SInv    .            e - +0 pair of boots
Will    .....        (no amulet) Stlth
                     g - ring of protection from fire
HPRegen 0.31/turn    (no ring)
MPRegen 0.11/turn

%: no passive effects
@: mighty
A: foul stench 1, powered by pain 2, weakness stinger 2
a: Renounce Religion


You were on level 7 of the Dungeon.
You worshipped Okawaru.
Okawaru was noncommittal.
You visited 2 branches of the dungeon, and saw 8 of its levels.
You also visited: Sewer.

You collected 355 gold pieces.

Inventory:

Hand Weapons
 a - a +0 long sword (weapon)
Missiles
 B - a throwing net (quivered)
Armour
 b - a +0 scale mail
 c - a +0 buckler (worn)
 e - a +0 pair of boots (worn)
 j - a +0 helmet (worn)
 l - a +0 plate armour (worn)
Jewellery
 f - a ring of wizardry
 g - a ring of protection from fire (left hand)
 s - a ring of wizardry
 C - a +6 ring of intelligence
Wands
 n - a wand of flame (14)
 u - a wand of paralysis (8)
 v - a wand of polymorph (9)
 y - a wand of roots (8)
 A - a wand of mindburst (10)
Scrolls
 k - 3 scrolls of amnesia
 m - 3 scrolls of teleportation
 o - a scroll of summoning
 q - a scroll of vulnerability
 t - a scroll of poison
Potions
 d - 2 potions of brilliance
 h - 2 potions of attraction
 i - 6 potions of curing
 p - 2 potions of heal wounds
 r - 2 potions of cancellation {unknown}
 w - a potion of invisibility
 x - a potion of magic {unknown}
 z - a potion of might


   Skills:
 + Level 6.8 Fighting
 + Level 8.0 Long Blades
 + Level 6.7 Armour
 + Level 2.2 Dodging
 + Level 1.8 Stealth
 + Level 4.4 Shields


You had 8 spell levels left.
You didn't know any spells.
Your spell library contained the following spells:

 Spells                   Type           Power      Damage    Failure   Level
 Sandblast                Erth           0%         2d4       100%        1
 Gell's Gravitas          Tloc           0%         N/A       100%        3
 Hailstorm                Conj/Ice       0%         3d5       100%        3
 Passwall                 Erth           0%         N/A       100%        3
 Stone Arrow              Conj/Erth      0%         3d7       100%        3
 Teleport Other           Tloc           0%         N/A       100%        3
 Volatile Blastmotes      Fire/Tloc      0%         2d10      100%        3
 Brom's Barrelling Bould  Conj/Erth      0%         2d3       100%        4
 Fulminant Prism          Conj/Alch      0%         3d5       100%        4
 Iskenderun's Mystic Bla  Conj/Tloc      0%         2d3       100%        4
 Dispersal                Tloc           0%         N/A       100%        6
 Summon Small Mammal      Summ           Unusable   N/A       N/A         1
 Call Canine Familiar     Summ           Unusable   N/A       N/A         3
 Summon Ice Beast         Ice/Summ       Unusable   N/A       N/A         3
 Summon Blazeheart Golem  Fire/Summ      Unusable   N/A       N/A         4
 Sculpt Simulacrum        Ice/Alch       Unusable   N/A       N/A         6

Dungeon Overview and Level Annotations

Branches:
Dungeon (7/15)             Temple (1/1) D:4           Sewer (visited)

Altars:
Ashenzari
Cheibriados
Dithmenos
Fedhas
Gozag
Hepliaklqana
Kikubaaqudgha
Makhleb
Nemelex Xobeh
Okawaru
Qazlal
Sif Muna
Trog
Uskayaw
Vehumet
Wu Jian
Xom
Yredelemnul


Innate Abilities, Weirdness & Mutations

You may rarely emit foul miasma when damaged in melee.
You sometimes gain power by taking damage.
You have a tail ending in a sharp stinger.


Message History

The hornet barely misses you.
The hornet is engulfed in dark miasma.
The hornet looks even sicker.
The hornet stings you.
You feel as though you will be slow longer.
You hit the hornet.
Your tail-slap misses the hornet.
The hornet is almost dead.
You kill the hornet!
Okawaru accepts your kill.
Your Long Blades skill increases to level 8!
You feel much better.
You start resting.
An orc warrior comes into view. It is wielding a +0 mace.
You feel yourself speed up.
The orc warrior shouts!
The orc warrior unwields a +0 mace.
The orc warrior wields a +0 orcbow.
The orc warrior shoots an arrow.
The arrow hits you!
The orc warrior shoots an arrow.
The arrow hits you!
An orc warrior comes into view. It is wielding a +0 halberd.
The orc warrior unwields a +0 orcbow.
The orc warrior wields a +0 mace.
The orc warrior hits you with a +0 mace!
You focus on the pain.
You feel very mighty all of a sudden.
You closely miss the orc warrior. You block the orc warrior's attack. x2
You hit the orc warrior.
The orc warrior is lightly wounded.
The orc warrior hits you from afar with a +0 halberd.
The orc warrior hits you but does no damage.
You closely miss the orc warrior.
The orc warrior is lightly wounded.
The orc warrior hits you from afar with a +0 halberd!
* * * LOW HITPOINT WARNING * * *
You block the orc warrior's attack.
You closely miss the orc warrior.
The orc warrior is lightly wounded.
The orc warrior hits you from afar with a +0 halberd.
* * * LOW HITPOINT WARNING * * *
The orc warrior hits you with a +0 mace.
* * * LOW HITPOINT WARNING * * *
The orc warrior unwields a +0 mace.
The orc warrior wields a +0 orcbow.
The orc warrior shoots an arrow.
The arrow hits you!
You die...

>..'<....+....<................>.
...#.....#############.##.###.#.#
...####### ##....#####...........
...# #.####.#$)#........... ####
#.# #.#l!###.........
###########.# #.###..#.......#.
#........##.####.# #.......#.
#........###..#.## #.#..####.
#........# #.)#@# #.#..# #.
#........####'#.# #.#..# #.
#........'....#o# #.#.## #.
#........#.88.##o #...#####.
##...######.88.# #######.........
.+...'....#....###......#########
##...####.######...######_###
.+...'..#.#......#+#..##~.~.#####
.#...##.#.#....#......#.~.~##....


You could see 2 orc warriors.

Vanquished Creatures
  Grinder (Sewer)
  A hornet (D:7)
  A water moccasin (D:7)
  A black bear (D:4)
  2 sky beasts
  2 orc warriors
  2 ice beasts
  An ogre (D:5)
  2 phantoms
  A kobold brigand (Sewer)
  3 bullfrogs
  2 gnoll sergeants
  4 scorpions
  A bombardier beetle (D:6)
  2 quasits (Sewer)
  A jelly (D:7)
  Crazy Yiuf (D:5)
  4 orc priests
  4 hounds
  A sleepcap (D:7)
  Jessica (D:2)
  3 iguanas
  9 orc wizards
  7 adders
  11 gnolls
  3 shadow imps (Sewer)
  A white imp (D:5)
  2 ufetubi (D:6)
  An adder zombie (Sewer)
  2 dart slugs
  A ribbon worm (D:3)
  37 orcs
  5 bats
  A bat zombie (Sewer)
  4 endoplasms
  8 giant cockroaches
  5 goblins
  4 hobgoblins
  7 jackals
  6 quokkas
  9 ball pythons
  3 frilled lizards
  A giant cockroach zombie (Sewer)
  13 kobolds
  A kobold zombie (Sewer)
  4 rats
186 creatures vanquished.

Vanquished Creatures (others)
  A kobold zombie (Sewer)
1 creature vanquished.

Grand Total: 187 creatures vanquished

Notes
Turn   | Place    | Note
-------+----------+-------------------------------------------
     0 | D:1      | Silvore the Demonspawn Fighter began the quest for the Orb.
     0 | D:1      | Reached XP level 1. HP: 18/18 MP: 1/1
   211 | D:1      | Gained mutation: You may rarely emit foul miasma when
                  | damaged in melee. [demonic ancestry]
   211 | D:1      | Reached XP level 2. HP: 17/24 MP: 2/2
  1091 | D:2      | Reached skill level 2 in Long Blades
  1091 | D:2      | Gained mutation: You sometimes gain a little power by
                  | taking damage. [demonic ancestry]
  1091 | D:2      | Reached XP level 3. HP: 19/29 MP: 3/3
  1641 | D:2      | Reached XP level 4. HP: 26/35 MP: 4/4
  1730 | D:2      | Noticed Jessica
  1738 | D:2      | Killed Jessica
  1827 | D:2      | Reached skill level 1 in Dodging
  2342 | D:3      | Reached XP level 5. HP: 41/41 MP: 5/5
  2373 | D:3      | Reached skill level 3 in Long Blades
  2863 | D:3      | Reached XP level 6. HP: 48/48 MP: 6/6
  3457 | D:4      | Reached skill level 4 in Long Blades
  3579 | D:4      | Gained mutation: You have a small tail. [demonic ancestry]
  3579 | D:4      | Reached XP level 7. HP: 41/55 MP: 7/7
  3994 | D:4      | Found a staircase to the Ecumenical Temple.
  4027 | Temple   | Entered the Ecumenical Temple
  4125 | D:5      | Entered Level 5 of the Dungeon
  4320 | D:5      | Reached skill level 5 in Long Blades
  4374 | D:5      | Reached skill level 5 in Armour
  4559 | D:5      | Found a hide-covered altar of Uskayaw.
  4578 | D:5      | Reached skill level 5 in Fighting
  4578 | D:5      | Gained mutation: You have a tail ending in a sharp stinger.
                  | [demonic ancestry]
  4578 | D:5      | Reached XP level 8. HP: 42/62 MP: 8/8
  4826 | D:5      | Found a runed translucent door.
  4827 | D:5      | Noticed Crazy Yiuf
  4832 | D:5      | Killed Crazy Yiuf
  5162 | D:6      | Found a glowing drain.
  5185 | Sewer    | Entered a sewer
  5488 | Sewer    | Found a burning altar of Makhleb.
  5498 | Sewer    | Reached skill level 6 in Long Blades
  5518 | Sewer    | Noticed Grinder
  5525 | Sewer    | Paralysed by Grinder for 4 turns
  5539 | Sewer    | Paralysed by Grinder for 2 turns
  5546 | Sewer    | Paralysed by Grinder for 2 turns
  5560 | Sewer    | Killed Grinder
  5561 | Sewer    | Reached skill level 1 in Stealth
  5748 | D:6      | Found a stormy altar of Qazlal.
  6206 | D:6      | Reached skill level 7 in Long Blades
  6206 | D:6      | Gained mutation: You sometimes gain power by taking damage.
                  | [demonic ancestry]
  6206 | D:6      | Reached XP level 9. HP: 63/69 MP: 9/9
  7565 | D:7      | Found an iron altar of Okawaru.
  7587 | D:7      | Became a worshipper of Warmaster Okawaru
  7890 | D:7      | Noticed a komodo dragon
  7893 | D:7      | Paralysed by a hornet for 3 turns
  7897 | D:7      | Paralysed by a hornet for 1 turns
  7900 | D:7      | Reached skill level 8 in Long Blades
  7910 | D:7      | Shot with an arrow by an orc warrior

Illustrated notes

Levels and vault maps discovered:
D:1:      noname_arrival_rooms_in_the_neighbourhood, layout_basic
D:2:      layout_basic, uniq_jessica
D:3:      layout_basic, minmay_misc_feat_encased
D:4:      layout_basic, minmay_temple_entry_butterflies
D:5:      layout_cave_pools, nicolae_uskayaw_suspiria, amethyst_killhole,
          uniq_crazy_yiuf_cottage
D:6:      layout_basic, mainiacjoe_overflow_tiny_flanked, portal_sewer_entry_f
D:7:      minmay_chambers_of_fours, layout_basic, okawaru_altar_gauntlet_db
Temple:   minmay_crystal_spiral_temple

Skill      XL: |  1  2  3  4  5  6  7  8  9 |
---------------+----------------------------+-----
Armour         | 3 4 5 6 |  6.7
Long Blades    | 2 3 4 5 7 8 |  8.0
Shields        | 3 4 |  4.4
Dodging        | 1 2 |  2.2
Fighting       | 4 5 6 |  6.8
Stealth        | 1 |  1.8

Action                     |  1- 3 |  4- 6 |  7- 9 || total
---------------------------+-------+-------+-------++-------
  Melee: Long sword        |   104 |   233 |   485 ||   822
         Tailslap          |       |       |    67 ||    67
    Use: Scroll            |     6 |     5 |     2 ||    13
         Potion            |       |     1 |     4 ||     5
   Stab: Invisible         |       |       |     5 ||     5
 Armour: Scale mail        |   102 |    52 |       ||   154
         Plate armour      |       |   227 |   568 ||   795
  Dodge: Dodged            |    64 |    95 |   165 ||   324
  Block: Buckler           |    32 |    57 |   114 ||   203
